 Dungeon Crawl Stone Soup version 0.28-a0-305-g9e858e973b (webtiles) character file.

Game seed: 5609510714135079137

8 timneilson the Covered (level 2, 0/19 HPs)
             Began as a Gargoyle Fighter on Aug 29, 2021.
             Frozen to death by an endoplasm (3 damage)
             ... on level 1 of the Dungeon.
             The game lasted 00:00:21 (112 turns).

timneilson the Covered (Gargoyle Fighter)            Turns: 112, Time: 00:00:23

Health: 0/19       AC:  9    Str: 19    XL:     2   Next: 8%
Magic:  2/2        EV:  7    Int:  8    God:
Gold:   16         SH:  8    Dex:  9    Spells: 1/1 levels left

rFire   . . .      SeeInvis .   a - +0 long sword
rCold   . . .      Faith    .   c - +0 kite shield
rNeg    + . .      Spirit   .   b - +0 scale mail
rPois   ∞          Reflect  .   (no helmet)
rElec   +          Harm     .   (no cloak)
rCorr   .          Rampage  .   (no gloves)
Will    .....                   (no boots)
Stlth   ..........              (no amulet)
HPRegen 0.06/turn               (no ring)
MPRegen 0.08/turn               (no ring)

@: no status effects
A: sickness immunity, AC +2, negative energy resistance 1, electricity
resistance, torment resistance 1, petrification resistance
a: no special abilities


You were on level 1 of the Dungeon.
You visited 1 branch of the dungeon, and saw 1 of its levels.

You collected 16 gold pieces.

Inventory:

Hand Weapons
 a - a +0 long sword (weapon)
Armour
 b - a +0 scale mail (worn)
 c - a +0 kite shield (worn)
Potions
 d - a potion of might


   Skills:
 + Level 3.3 Fighting
 * Level 2.0 Long Blades
 * Level 3.5 Armour
 * Level 3.4 Shields


You had one spell level left.
You didn't know any spells.
Your spell library was empty.

Dungeon Overview and Level Annotations

Branches:
Dungeon (1/15)

Altars:


Innate Abilities, Weirdness & Mutations

You are immune to sickness and miasma.
Your stone body is resilient. (AC +2)
You are immune to poison.
You resist negative energy. (rN+)
You are resistant to electric shocks. (rElec)
You are resistant to unholy torment.
You are immune to petrification.


Message History

You block the ball python's attack.
You hit the ball python.
You kill the ball python!
You block the quokka's attack.
You closely miss the quokka.
The quokka bites you but does no damage.
The quokka closely misses you.
You miss the quokka.
The quokka bites you but does no damage.
The quokka bites you.
You slash the quokka!
You kill the quokka!
The hobgoblin barely misses you.
Your Long Blades skill increases to level 2!
You have reached level 2!
You closely miss the hobgoblin. You block the hobgoblin's attack. x2
You hit the hobgoblin.
The hobgoblin is heavily wounded.
The hobgoblin barely misses you.
You hit the hobgoblin.
The hobgoblin is severely wounded.
You block the hobgoblin's attack.
The hobgoblin hits you but does no damage.
You slash the hobgoblin!
You kill the hobgoblin!
You hit the endoplasm but do no damage. The endoplasm freezes you.
You are frozen.
You block the endoplasm's attack.
You hit the endoplasm but do no damage. You block the endoplasm's attack.
You hit the endoplasm.
The endoplasm is heavily wounded.
You block the endoplasm's attack. x2
You hit the endoplasm but do no damage.
The endoplasm is heavily wounded.
The endoplasm freezes you.
You are frozen.
* * * LOW HITPOINT WARNING * * *
The endoplasm freezes you.
You are frozen.
You die...

#........#..>..#####.....####
................#8^........8#
............##..#^#.......#.#
.....#......##..#...........#
....##..........###.##_##.###
.. ###.#...........#.^.
#.#...8#... .
#......>....######.######...
#
#..###.####J#..........##..#
#.. #.# ##@#.....#+#.......
.. ..(.....................
.......##...)........#.#
.####.........#.#....#..
#..##+#...#.#....... ...
.....#.#.......
.....................
.........#..#.^###....
...........# #....


You could see an endoplasm.

Vanquished Creatures
  A hobgoblin (D:1)
  A kobold (D:1)
  2 quokkas (D:1)
  2 ball pythons (D:1)
  A goblin (D:1)
7 creatures vanquished.

Notes
Turn   | Place    | Note
-------+----------+-------------------------------------------
     0 | D:1      | timneilson the Gargoyle Fighter began the quest for the
                  | Orb.
     0 | D:1      | Reached XP level 1. HP: 14/14 MP: 1/1
    22 | D:1      | Found a faded altar of an unknown god.
   105 | D:1      | Reached XP level 2. HP: 7/19 MP: 2/2
   112 | D:1      | Frozen to death by an endoplasm

Illustrated notes

Levels and vault maps discovered:
D:1:      minmay_arrival_diagonal_passages, layout_basic,
          shapermc_ecumenical_altar_mp_highgroup, serial_aquarium,
          aquarium_bridge_straight [aquarium_subvault_bridge,
          aquarium_subvault_window, aquarium_subvault_bridge,
          aquarium_subvault_wall], aquarium_bridge_straight
          [aquarium_subvault_bridge, aquarium_subvault_wall,
          aquarium_subvault_bridge, aquarium_subvault_wall], aquarium_window_2,
          aquarium_window_1, aquarium_window_double, aquarium_window_corridor_3,
          aquarium_view_2g, aquarium_balcony_5a

Skill      XL: |  1 |
---------------+----+-----
Long Blades    | 2 |  2.0
Fighting       | |  3.3
Armour         | |  3.5
Shields        | |  3.4

Action                   || total
-------------------------++-------
Melee: Long sword        ||    20
Armor: Scale mail        ||     9
Dodge: Dodged            ||     5
Block: Kite shield       ||    13

Table legend: (Time is in decaauts)
 A = Elapsed time spent in this place.
 B = Non-inter-level travel time spent in this place.
 C = Inter-level travel time spent in this place.
 D = Time resting spent in this place.
 E = Time spent auto-exploring this place.
 F = Levels seen in this place.
 G = Mean time per level.
                   A        B        C        D        E       F      G
               +--------+--------+--------+--------+--------+-----+--------+
         Total |    122 |    122 |      0 |      0 |     65 |   1 |  122.0 |
       Dungeon |    122 |    122 |      0 |      0 |     65 |   1 |  122.0 |
               +--------+--------+--------+--------+--------+-----+--------+

Top non-repeatable levels by time:
     D:1: 122 daAuts
